 Dungeon Crawl Stone Soup version 0.29.0-7-g18a832c13a (webtiles) character file.

Game seed: 2252895504946864966

37 Descartes the Ducker (level 3, 0/15 HPs)
             Began as a Felid Transmuter on Sept 1, 2022.
             Slain by a goblin
             ... wielding a +0 dagger
             ... led by Robin
              (3 damage)
             ... on level 2 of the Dungeon.
             The game lasted 00:03:57 (1740 turns).

Descartes the Ducker (Felid Transmuter)             Turns: 1740, Time: 00:03:59

Health: 0/15       AC:  1    Str:  8    XL:     3   Next: 23%
Magic:  2/7        EV: 18    Int: 14    God:
Gold:   74         SH:  0    Dex: 16    Spells: 3/6 levels left
                                        Lives:  0   Deaths: 0

rFire   . . .      SeeInvis +     - Unarmed
rCold   . . .      Faith    .   (shield unavailable)
rNeg    . . .      Spirit   .   (body armour unavailable)
rPois   .          Reflect  .   (helmet unavailable)
rElec   .          Harm     .   (cloak unavailable)
rCorr   .          Rampage  .   (gloves unavailable)
Will    .....                   (boots unavailable)
Stlth   ++........              g - amulet of regeneration
HPRegen 0.85/turn               j - ring of wizardry
MPRegen 0.10/turn               (no ring)

@: appendages, wereblooded, very slightly contaminated, quick
A: horns 2, very small, claws 1, fangs 3, see invisible, speed 1, shaggy fur 1,
stealthy paws, no weapons or thrown items, no armour, multi-lived
a: End Transformation


You were on level 2 of the Dungeon.
You had temporarily grown beastly horns.
You visited 1 branch of the dungeon, and saw 2 of its levels.

You collected 74 gold pieces.

Inventory:

Jewellery
 g - an amulet of regeneration (around neck)
 j - a ring of wizardry (left paw)
Scrolls
 b - a scroll of identify {unknown}
 e - 2 scrolls of magic mapping {unknown}
 f - a scroll of teleportation {unknown}
 h - a scroll of noise {unknown}
 i - a scroll of fog {unknown}
Potions
 a - a potion of lignification
 c - 2 potions of heal wounds {unknown}
 d - a potion of berserk rage {unknown}


   Skills:
 + Level 1.2 Fighting
 * Level 3.3 Dodging
 * Level 1.6 Stealth
 * Level 3.2 Unarmed Combat
 + Level 2.2 Spellcasting
 + Level 2.5 Transmutations
 + Level 0.5 Evocations


You had 3 spell levels left.
You knew the following spells:

 Your Spells              Type           Power      Damage    Failure   Level
a - Beastly Appendage     Tmut           16%        N/A       3%          1
b - Wereblood             Tmut           8%         N/A       4%          2

Your spell library contained the following spells:

 Spells                   Type           Power      Damage    Failure   Level
 Shock                    Conj/Air       4%         1d3       10%         1
 Summon Small Mammal      Summ           4%         N/A       10%         1
 Spider Form              Tmut/Pois      5%         N/A       16%         3
 Call Canine Familiar     Summ           1%         N/A       26%         3
 Summon Guardian Golem    Hex/Summ       1%         N/A       26%         3
 Swiftness                Air            1%         N/A       26%         3
 Ice Form                 Ice/Tmut       5%         N/A       45%         4
 Airstrike                Air            0%         2d(1-17)  65%         4


Dungeon Overview and Level Annotations

Branches:
Dungeon (2/15)

Altars:

Annotations:
D:2 Robin


Innate Abilities, Weirdness & Mutations

You have temporarily grown beastly horns.
You have sharp claws.
You have razor-sharp teeth.
You have supernaturally acute eyesight. (SInv)
You cover ground quickly. (Speed+)
You are covered in fur. (AC +1)
Your paws help you pounce on unaware monsters.
You are incapable of wielding weapons or throwing items.
You cannot wear armour.
You gain extra lives every three experience levels.


Message History

j - a ring of wizardry (left paw) Memorise Wereblood, consuming 2 spell levels and leaving 3?
You start memorising the spell.
You continue memorising. x2
Your transformation is almost over.
You finish memorising.
Spell assigned to 'b'.
A hobgoblin comes into view.
Casting: Beastly Appendage (safe; 3% risk of failure)
Confirm with . or Enter, or press ? or * to list all spells.
You extend your transformation's duration. 3 goblins come into view.
The hobgoblin shouts!
You hear a shout! x2
A goblin comes into view. It is wielding a +0 dagger.
The goblin shouts! x3; You hear a shout!
Robin and a hobgoblin come into view.
Robin is wielding a +1 short sword of draining.
Robin shouts!
A goblin comes into view. It is wielding a +0 club.
You closely miss the hobgoblin.
Robin roars a battlecry!
The goblins go into a battle-frenzy!
The hobgoblin completely misses you.
You closely miss the hobgoblin. You headbutt the hobgoblin.
You kill the hobgoblin!
An endoplasm comes into view.
Casting: Beastly Appendage (safe; 3% risk of failure)
Confirm with . or Enter, or press ? or * to list all spells.
You miscast Wereblood.
You are very lightly contaminated with residual magic.
Nothing appears to happen.
The goblin hits you with a +0 dagger.
Casting: Wereblood (safe; 4% risk of failure)
Confirm with . or Enter, or press ? or * to list all spells.
You don't know that spell.
Casting: Wereblood (safe; 4% risk of failure)
Confirm with . or Enter, or press ? or * to list all spells.
Your blood is infused with primal strength.
Robin throws the goblin at you! The goblin hits you with a +0 dagger.
* * * LOW HITPOINT WARNING * * *
A hobgoblin comes into view.
The goblin hits you with a +0 dagger.
You die...

###.#####.. #.#
#####.# #.....#
#.##### #.#
.######.#
|.......#######.#g
##.....!.g@gggJgg.
######....####g##
#.##.# #.##.#
#.##.# #.##.#
#.##.# #. #.#


You could see Robin, an endoplasm, 2 hobgoblins and 5 goblins.

Vanquished Creatures
  3 endoplasms
  2 giant cockroaches
  5 goblins
  3 hobgoblins
  6 jackals (D:1)
  2 quokkas
  2 ball pythons
  3 frilled lizards (D:1)
  4 kobolds (D:1)
  2 rats
32 creatures vanquished.

Notes
Turn   | Place    | Note
-------+----------+-------------------------------------------
     0 | D:1      | Descartes the Felid Transmuter began the quest for the Orb.
     0 | D:1      | Reached XP level 1. HP: 9/9 MP: 4/4
   215 | D:1      | Reached skill level 1 in Stealth
   215 | D:1      | Reached XP level 2. HP: 6/12 MP: 4/6
  1480 | D:2      | Reached XP level 3. HP: 14/15 MP: 5/7
  1724 | D:2      | Learned a level 2 spell: Wereblood
  1736 | D:2      | Noticed Robin
  1740 | D:2      | Slain by a goblin

Illustrated notes

Levels and vault maps discovered:
D:1:      psy_arrival_conway, layout_basic
D:2:      layout_loops_ring, basic_altar, uniq_robin

Skill      XL: |  1  2 |
---------------+-------+-----
Stealth        | 1 |  1.6
Dodging        | 3 |  3.3
Fighting       | |  1.2
Unarmed Combat | |  3.2
Spellcasting   | |  2.2
Transmutations | |  2.5
Evocations     | |  0.5

Action                   || total
-------------------------++-------
Melee: Unarmed           ||    75
       Headbutt          ||    10
       Bite              ||     5
       Punch             ||     1
 Cast: Beastly Appendage ||    14
       Wereblood         ||     1
 Stab: Sleeping          ||     6
Armor: Skin              ||     2
Dodge: Dodged            ||    50
